 Dungeon Crawl Stone Soup version 0.27-a0-1416-g941b2bd30b (webtiles) character file.

Game seed: 12003999055081705987

59 kae the Chopper (level 4, -3/61 HPs)
             Began as a Hill Orc Fighter on July 1, 2021.
             Slain by Sigmund (5 damage)
             ... on level 2 of the Dungeon.
             The game lasted 00:00:55 (1624 turns).

kae the Chopper (Hill Orc Fighter)                  Turns: 1624, Time: 00:00:56

Health: -3/61      AC: 22    Str: 19    XL:     4   Next: 3%
Magic:  4/4        EV:  2    Int:  8    God:
Gold:   45         SH:  9    Dex: 10    Spells: 3/3 levels left

rFire    . . .     SeeInvis .   a - +0 war axe
rCold    . . .     Faith    .   c - +0 kite shield
rNeg     + + +     Spirit   .   (armour currently unavailable)
rPois    +         Reflect  .   (helmet currently unavailable)
rElec    .         Harm     .   (cloak currently unavailable)
rCorr    .         Rampage  .   (gloves currently unavailable)
Will     .....     NoTele   +   (boots currently unavailable)
Stlth    +.........             (no amulet)
HPRegen  0.20/turn              (no ring)
MPRegen  0.09/turn              (no ring)

@: tree-form
A: stationary, stasis, torment immunity, boosted hp
a: no special abilities


You were on level 2 of the Dungeon.
You were a tree.
You visited 1 branch of the dungeon, and saw 2 of its levels.

You collected 45 gold pieces.

Inventory:

Hand Weapons
 a - a +0 war axe (weapon)
Armour
 b - a +0 scale mail (melded)
 c - a +0 kite shield (worn)
Jewellery
 f - a ring of protection from fire
Scrolls
 g - 2 scrolls of identify
Potions
 d - a potion of might
 h - a potion of haste


   Skills:
 + Level 4.4 Fighting
 * Level 4.8 Axes
 - Level 3.2 Armour
 - Level 3.2 Shields


You had 3 spell levels left.
You didn't know any spells.
Your spell library contained the following spells:

 Spells                   Type           Power      Damage    Failure   Level
 Conjure Flame            Conj/Fire      0%         6-21      99%         3
 Ignite Poison            Fire/Tmut/Pois 0%         N/A       99%         3
 Sticky Flame             Conj/Fire      0%         2d3       100%        4


Dungeon Overview and Level Annotations

Branches:
Dungeon (2/15)

Altars:

Shops:
D:1 :

Annotations:
D:2 Sigmund


Message History

Sigmund casts a spell at you.
You are confused.
You closely miss Sigmund.
Sigmund is heavily wounded.
Sigmund hits you with a +0 scythe. Sigmund barely misses you.
You bump into the rock wall.
Sigmund hits you with a +0 scythe.
You bump into the rock wall.
Sigmund hits you with a +0 scythe.
* * * LOW HITPOINT WARNING * * *
You barely miss Sigmund.
Sigmund is heavily wounded.
Sigmund gestures at you while chanting. The magic dart hits you.
* * * LOW HITPOINT WARNING * * *
Sigmund hits you but does no damage.
It was a potion of lignification.
You turn into a tree.
Your +0 scale mail melds into your body.
Your roots penetrate the ground.
You feel less confused. You block Sigmund's attack.
Okay, then.
You aren't carrying any items that you can evoke.
As you read the scroll labelled TUUHOE BI QIU, it crumbles to dust.
It is a scroll of identify.
h - a potion of haste Sigmund casts a spell.
Sigmund flickers and vanishes!
Deactivating autopickup; reactivate with Ctrl-A.
You hear some strange, mumbled words.
Something tries to affect you, but you resist.
You cannot move.
You swing at nothing.
Something hits you but does no damage. Something hits you.
* * * LOW HITPOINT WARNING * * *
You swing at nothing.
Something hits you but does no damage.
You swing at nothing.
Something hits you but does no damage. x2
You swing at nothing.
You block something's attack.
You swing at nothing.
Something hits you.
* * * LOW HITPOINT WARNING * * *
Something hits you.
You die...

#.# #.# #
#># #
#####.# #
#.....#
#####
#.###.#
#..<. #.
#.# #.###
#.###.#
#####.###
#...♣.#
#........
###.###
#.###.###
##{######
#.###
#.........
#.##.
#..#######
#.... #..#
#.#.. #..#
#.#.. #..#
#.#...
#..#
..###..


There were no monsters in sight!

Vanquished Creatures
  2 adders (D:2)
  A dart slug (D:1)
  2 endoplasms (D:2)
  2 giant cockroaches (D:1)
  4 goblins
  2 hobgoblins (D:1)
  6 jackals (D:1)
  3 quokkas (D:1)
  4 ball pythons
  4 bats (D:1)
  3 kobolds (D:1)
  A rat (D:1)
34 creatures vanquished.

Notes
Turn   | Place    | Note
-------+----------+-------------------------------------------
     0 | D:1      | kae the Hill Orc Fighter began the quest for the Orb.
     0 | D:1      | Reached XP level 1. HP: 19/19 MP: 1/1
   163 | D:1      | Reached XP level 2. HP: 10/27 MP: 2/2
   409 | D:1      | Found Lacirec's Book Shop.
   463 | D:1      | Reached XP level 3. HP: 17/33 MP: 3/3
  1438 | D:2      | Reached XP level 4. HP: 33/41 MP: 4/4
  1594 | D:2      | Noticed Sigmund
  1624 | D:2      | HP: 2/61 [something (3)]
  1624 | D:2      | Slain by Sigmund

Illustrated notes

Levels and vault maps discovered:
D:1:      wheals_arrival_shading, layout_loops_cross, serial_shops,
          nicolae_shop_crystal, st_stairs_4, chequers_serial_rivers_large_a
D:2:      layout_loops_ring, uniq_sigmund

Skill      XL: |  1  2 |
---------------+-------+-----
Axes           | 3 4 |  4.8
Fighting       | 4 |  4.4
Armour         | |  3.2
Shields        | |  3.2

Action                   |  1- 3 |  4- 6 || total
-------------------------+-------+-------++-------
Melee: War axe           |    95 |     9 ||   104
  Use: Scroll            |     1 |     1 ||     2
       Potion            |       |     1 ||     1
Armor: Scale mail        |    58 |     6 ||    64
       Skin              |       |     4 ||     4
Dodge: Dodged            |    31 |     2 ||    33
Block: Kite shield       |    62 |     5 ||    67

Table legend: (Time is in decaauts)
 A = Elapsed time spent in this place.
 B = Non-inter-level travel time spent in this place.
 C = Inter-level travel time spent in this place.
 D = Time resting spent in this place.
 E = Time spent auto-exploring this place.
 F = Levels seen in this place.
 G = Mean time per level.
                   A        B        C        D        E       F      G
               +--------+--------+--------+--------+--------+-----+--------+
         Total |   1692 |   1679 |     13 |    204 |   1216 |   2 |  846.0 |
       Dungeon |   1692 |   1679 |     13 |    204 |   1216 |   2 |  846.0 |
               +--------+--------+--------+--------+--------+-----+--------+

Top non-repeatable levels by time:
     D:1: 1289 daAuts
     D:2: 403 daAuts
